Description

For my son don't pick this build ^^

Build Order

Get SALT Encoding   

  14  0:16  Pylon  
  16  0:36  Gateway  
  17  0:48  Assimilator  
  18  1:02  Gateway  
  19  1:13  Assimilator  
  20  1:25  Cybernetics Core  
  20  1:40  Gateway  
  20  1:41  Pylon  
  26  2:30  Pylon  
  34  3:00  Pylon  
  42  3:13  Pylon  
Spawning Tool Build Advisor. Get it on Overwolf

Go to:

Details

  • Created by: Azzran
  • Published on: May 12, 2023
  • Modified on: May 12, 2023
  • Patch: 5.0.11
  • Difficulty: Easy
Show
View Real Time Build Order
Export as new Build Order

Comments (0)

There are no comments. Be the first!

Create an account to comment!